 Dungeon Crawl Stone Soup version 0.31-a0-691-g409c26aa35 (webtiles) character file.

Game seed: 13309983204515362228

2914 qw the Skirmisher (level 9, -1/57 HPs)
             Began as a Gargoyle Hunter on Sept 6, 2023.
             Was a Follower of Okawaru.
             Slain by a two-headed ogre
             ... wielding a +0 giant club
              (4 damage)
             ... on level 8 of the Dungeon.
             The game lasted 00:02:45 (7007 turns).

qw the Skirmisher (Gargoyle Hunter)                 Turns: 7007, Time: 00:02:46

Health: -1/57      AC: 16    Str: 16    XL:     9   Next: 78%
Magic:  11/12      EV: 17    Int:  9    God:    Okawaru [*.....]
Gold:   432        SH:  5    Dex: 17    Spells: 8/8 levels left

rFire   . . .        Y - +0 orcbow
rCold   . . .        (shield currently unavailable)
rNeg    + + .        q - +2 robe
rPois   inf          (no helmet)
rElec   +            c - +1 cloak
rCorr   +            (no gloves)
SInv    .            a - +2 pair of boots
Will    .....        o - amulet of reflection
Stlth   +++          n - ring of resist corrosion
HPRegen 0.29/turn    g - ring of positive energy
MPRegen 0.13/turn

%: reflection
@: about to teleport, heroic
A: sickness immunity, AC +6, negative energy resistance 1, electricity
resistance, torment resistance 1, petrification resistance
a: Renounce Religion, Heroism


You were on level 8 of the Dungeon.
You worshipped Okawaru.
Okawaru was aware of your devotion.
You visited 1 branch of the dungeon, and saw 8 of its levels.

You collected 498 gold pieces.
You spent 66 gold pieces at shops.


Innate Abilities, Weirdness & Mutations

You are immune to sickness and miasma.
Your stone body is resilient. (AC +6)
You are immune to poison.
You resist negative energy. (rN+)
You are resistant to electric shocks. (rElec)
You are resistant to unholy torment.
You are immune to petrification.


   Skills:
 - Level 7.1(12.1) Fighting
 + Level 10.6(15.6) Ranged Weapons
 - Level 3.0(8.0) Armour
 - Level 3.4(8.4) Dodging
 - Level 1.1(6.1) Stealth
 - Level 4.1 Invocations


You had 8 spell levels left.
You didn't know any spells.
Your spell library was empty.

Inventory:

Hand Weapons
 Y - a +0 orcbow (weapon)
Armour
 a - a +2 pair of boots (worn)
 c - a +1 cloak (worn)
 q - a +2 robe (worn)
Jewellery
 g - a ring of positive energy (right hand)
 n - a ring of resist corrosion (left hand)
 o - an amulet of reflection (around neck)
Scrolls
 e - 3 scrolls of teleportation
 l - 3 scrolls of identify
Potions
 b - 2 potions of haste
 f - 3 potions of might
 h - a potion of cancellation
 i - a potion of magic
 j - 3 potions of resistance
 k - 2 potions of enlightenment
 p - a potion of curing

Dungeon Overview and Level Annotations

Branches:
Dungeon (8/15)             Temple (0/1) D:4
   Lair: D:8-11

Altars:
Cheibriados
Gozag
Kikubaaqudgha
Makhleb
Nemelex Xobeh
Okawaru
Qazlal
Wu Jian
Zin

Shops:
D:2 *

Annotations:
D:7 1 runed translucent door, exclusion: 3 lava snakes, Crazy Yiuf
D:8 2 transporters, qw's ghost, novice MiHs


Message History

The orc priest is heavily wounded.
You shoot an arrow.
The arrow barely misses the two-headed ogre.
The arrow barely misses the orc priest.
The orc priest invokes the aid of Beogh against you.
Beogh smites you!
The two-headed ogre hits you with a +0 giant club.
The two-headed ogre barely misses you.
You hear a shout!
You shoot an arrow. The arrow hits the two-headed ogre.
The two-headed ogre is moderately wounded.
You shoot an arrow.
The arrow hits the two-headed ogre but does no damage.
The two-headed ogre is moderately wounded.
The two-headed ogre barely misses you. You block the two-headed ogre's attack.
You shoot an arrow. The arrow hits the two-headed ogre.
The two-headed ogre is moderately wounded.
You hear a shout!
You shoot an arrow. The arrow hits the two-headed ogre.
The two-headed ogre is heavily wounded.
The orc priest looks satisfied for a moment.
You shoot an arrow. The arrow hits the two-headed ogre.
The two-headed ogre is heavily wounded.
The two-headed ogre hits you with a +0 giant club!!
The two-headed ogre misses you.
The orc priest invokes the aid of Beogh against you.
Beogh smites you!
7005 ||| READING 4 scrolls of teleportation.
As you read the scroll of teleportation, it crumbles to dust.
You feel strangely unstable.
The two-headed ogre hits you with a +0 giant club!
The two-headed ogre closely misses you.
You shoot an arrow. The arrow hits the two-headed ogre!!
The two-headed ogre is severely wounded.
You shoot an arrow.
The arrow hits the two-headed ogre but does no damage.
The two-headed ogre is severely wounded.
An orc comes into view. It is wielding a +0 morningstar.
The two-headed ogre hits you with a +0 giant club.
You die...

### .####...## ...# ..
#...^# #...# ##.#
#...##..# # ...
###.#55.# .
#..########.##5...#)
#####............##.55.
#..o..oo######....#####
#O# ####.....## #@#
##.#... #.# .+... #.#
####... #.# #......
#.##########......
#......?...'......
############......
###........<......
#.................


You could see a two-headed ogre, an orc priest and an orc.

Vanquished Creatures
  2 steam dragons
  Menkaure (D:7)
  A water moccasin (D:5)
  Edmund (D:6)
  A floating eye (D:8)
  Duvessa (D:7)
  An orc warrior (D:6)
  A black bear (D:7)
  2 ice beasts
  4 centaurs
  A phantom (D:5)
  Blork the orc (D:6)
  2 bullfrogs (D:6)
  A scorpion (D:6)
  A gnoll sergeant (D:6)
  A wight (D:6)
  Dowan (D:7)
  3 howler monkeys
  7 lava snakes (D:7)
  2 jellies
  4 hounds
  An orc priest (D:7)
  A sleepcap (D:6)
  Terence (D:3)
  2 iguanas
  2 orc wizards
  6 gnolls
  8 adders
  2 white imps
  2 ufetubi
  A worm (D:2)
  A dart slug (D:5)
  11 orcs
  2 bats (D:2)
  3 endoplasms
  A giant cockroach (D:1)
  4 goblins
  5 hobgoblins
  8 quokkas
  6 ball pythons
  6 frilled lizards
  4 kobolds
  5 rats
121 creatures vanquished.

Notes
Turn   | Place    | Note
-------+----------+-------------------------------------------
     0 | D:1      | qw the Gargoyle Hunter began the quest for the Orb.
     0 | D:1      | Reached XP level 1. HP: 12/12 MP: 1/1
     0 | D:1      | 0 ||| qw: Version: 0.3-a-76-g4403597
     0 | D:1      | 0 ||| qw: Game counter: 26
     0 | D:1      | 0 ||| qw: Melee chars always use a shield: true
     0 | D:1      | 0 ||| qw: God list: Okawaru
     0 | D:1      | 0 ||| qw: Allow faded altars: false
     0 | D:1      | 0 ||| qw: Do Orc after clearing Dungeon:15 true
     0 | D:1      | 0 ||| qw: Do second Lair branch before Depths: true
     0 | D:1      | 0 ||| qw: Lair rune preference: random
     0 | D:1      | 0 ||| qw: Goals: Normal
     0 | D:1      | 0 ||| PLANNING D:1-11
   249 | D:1      | Reached XP level 2. HP: 17/17 MP: 2/2
   864 | D:1      | 864 ||| UPGRADING to +0 ring mail.
   874 | D:1      | 874 ||| DROPPING +0 leather armour.
   875 | D:1      | 875 ||| READING scroll labelled XIENIW YMENEO.
   876 | D:1      | 876 ||| READING scroll labelled EZEWOANOIL.
   877 | D:1      | 877 ||| DRINKING 2 viscous purple potions.
   878 | D:1      | 878 ||| DRINKING 2 metallic coppery potions.
   879 | D:1      | 879 ||| DROPPING scroll of butterflies.
   911 | D:2      | Reached skill level 1 in Armour
   930 | D:2      | Reached XP level 3. HP: 21/21 MP: 3/3
  1256 | D:2      | Found Enu Idynn's General Store.
  1271 | D:2      | 1271 ||| BUYING scroll of teleportation (33 gold).
  1271 | D:2      | Bought a scroll of teleportation for 33 gold pieces
  1271 | D:2      | 1271 ||| BUYING scroll of teleportation (33 gold).
  1271 | D:2      | Bought a scroll of teleportation for 33 gold pieces
  1671 | D:2      | Reached skill level 5 in Ranged Weapons
  1795 | D:2      | 1795 ||| UPGRADING to +2 pair of boots.
  1800 | D:2      | 1800 ||| READING scroll labelled LENUIRI BUOLI.
  1801 | D:2      | 1801 ||| READING scroll labelled ZUUFEDW TUEHUC.
  1802 | D:2      | 1802 ||| DRINKING 2 purple potions.
  1821 | D:3      | Reached XP level 4. HP: 27/27 MP: 4/4
  1926 | D:3      | Noticed Terence
  1937 | D:3      | Killed Terence
  1938 | D:3      | Reached skill level 3 in Fighting
  2533 | D:3      | Found an ancient bone altar of Kikubaaqudgha.
  2533 | D:3      | Found an opulent altar of Gozag.
  2538 | D:3      | 2538 ||| UPGRADING to +0 cloak.
  2543 | D:3      | 2543 ||| READING scroll labelled IPPIME YTEM.
  2669 | D:4      | Reached XP level 5. HP: 31/32 MP: 5/5
  2759 | D:4      | Found an iron altar of Okawaru.
  2760 | D:4      | 2760 ||| PLANNING OKAWARU WORSHIP
  2760 | D:4      | 2760 ||| UPGRADING to ring of resist corrosion.
  2761 | D:4      | 2761 ||| DRINKING 2 sedimented red potions.
  2796 | D:4      | 2796 ||| DRINKING 2 sedimented cyan potions.
  2797 | D:4      | 2797 ||| DROPPING potion of lignification.
  2798 | D:4      | 2798 ||| DROPPING potion of degeneration.
  2804 | D:4      | Became a worshipper of Warmaster Okawaru
  2805 | D:4      | 2805 ||| PLANNING D:1-11
  2821 | D:4      | Found a staircase to the Ecumenical Temple.
  2935 | D:4      | 2935 ||| READING scroll of enchant weapon.
  2935 | D:4      | 2935 ||| ENCHANTING +1 shortbow.
  2969 | D:4      | Reached skill level 6 in Ranged Weapons
  3261 | D:4      | Reached XP level 6. HP: 38/38 MP: 6/6
  3386 | D:4      | 3386 ||| READING 2 scrolls labelled ENTARAH MOICASCH.
  3387 | D:4      | 3387 ||| READING scroll of enchant armour.
  3387 | D:4      | 3387 ||| ENCHANTING +0 cloak.
  3421 | D:5      | Entered Level 5 of the Dungeon
  3516 | D:5      | Noticed a water moccasin
  3530 | D:5      | Killed a water moccasin
  3561 | D:5      | Reached * piety under Okawaru
  3562 | D:5      | Reached skill level 7 in Ranged Weapons
  3577 | D:5      | 3577 ||| INVOKING Heroism.
  3649 | D:5      | Reached XP level 7. HP: 43/43 MP: 7/7
  3777 | D:5      | Found a stormy altar of Qazlal.
  3802 | D:5      | Reached skill level 1 in Invocations
  3899 | D:5      | 3899 ||| INVOKING Heroism.
  4115 | D:5      | 4115 ||| UPGRADING to amulet of reflection.
  4120 | D:5      | 4120 ||| READING 2 scrolls of identify.
  4120 | D:5      | 4120 ||| IDENTIFYING ruby potion
  4121 | D:5      | 4121 ||| DROPPING potion of attraction.
  4154 | D:5      | Reached skill level 3 in Invocations
  4161 | D:6      | 4161 ||| STAIRDANCE
  4249 | D:6      | Reached skill level 8 in Ranged Weapons
  4249 | D:6      | Reached XP level 8. HP: 45/48 MP: 9/11
  4252 | D:6      | 4252 ||| FLEEEEING.
  4253 | D:6      | 4253 ||| INVOKING Heroism.
  4350 | D:6      | Found an ornate altar of the Wu Jian Council.
  4366 | D:6      | Noticed Blork the orc
  4367 | D:6      | 4367 ||| INVOKING Heroism.
  4374 | D:6      | Killed Blork the orc
  4394 | D:6      | Found a glowing silver altar of Zin.
  4424 | D:6      | Noticed Edmund
  4425 | D:6      | 4425 ||| INVOKING Heroism.
  4429 | D:6      | 4429 ||| RETREATING.
  4435 | D:6      | Killed Edmund
  4518 | D:6      | Reached ** piety under Okawaru
  4557 | D:6      | 4557 ||| FLEEEEING.
  4592 | D:6      | You fall into a shaft and drop 2 floors!
  4596 | D:8      | Noticed qw's ghost (novice MiHs)
  4603 | D:8      | Reached skill level 9 in Ranged Weapons
  4640 | D:8      | Found a transporter.
  4655 | D:8      | Found a transporter.
  4660 | D:8      | 4660 ||| SWAPPING to +0 orcbow.
  4661 | D:8      | 4661 ||| DROPPING +2 shortbow.
  4691 | D:8      | 4691 ||| INVOKING Heroism.
  4694 | D:8      | 4694 ||| Stepping ~*~*~tactically~*~*~ (cloud).
  4695 | D:8      | 4695 ||| STAIRDANCE
  4766 | D:6      | 4766 ||| INVOKING Heroism.
  4769 | D:6      | Reached skill level 6 in Fighting
  4783 | D:6      | 4783 ||| INVOKING Heroism.
  4786 | D:6      | Reached XP level 9. HP: 29/55 MP: 9/12
  5179 | D:6      | 5179 ||| READING scroll labelled OMIEKK DOOKEO.
  5180 | D:6      | 5180 ||| DRINKING 2 puce potions.
  5260 | D:7      | 5260 ||| INVOKING Heroism.
  5267 | D:7      | Reached skill level 10 in Ranged Weapons
  5316 | D:7      | Reached skill level 3 in Armour
  5345 | D:7      | 5345 ||| READING 4 scrolls of identify.
  5345 | D:7      | 5345 ||| IDENTIFYING fizzy cyan potion
  5566 | D:7      | Found a snail-covered altar of Cheibriados.
  5599 | D:7      | Noticed Menkaure
  5600 | D:7      | 5600 ||| INVOKING Heroism.
  5604 | D:7      | Killed Menkaure
  5705 | D:7      | 5705 ||| INVOKING Heroism.
  5706 | D:7      | 5706 ||| UPGRADING to ring of positive energy.
  5841 | D:7      | 5841 ||| FLEEEEING.
  5951 | D:7      | Found a sparkling altar of Nemelex Xobeh.
  5974 | D:7      | Noticed Duvessa
  5975 | D:7      | 5975 ||| INVOKING Heroism.
  5976 | D:7      | Noticed Dowan
  5977 | D:7      | 5977 ||| RETREATING.
  5982 | D:7      | Killed Duvessa
  5994 | D:7      | 5994 ||| INVOKING Heroism.
  5996 | D:7      | Killed Dowan
  6090 | D:7      | 6090 ||| Stepping ~*~*~tactically~*~*~ (outnumbered).
  6095 | D:7      | 6095 ||| INVOKING Heroism.
  6120 | D:7      | Found a burning altar of Makhleb.
  6362 | D:7      | Found a runed translucent door.
  6363 | D:7      | Noticed Crazy Yiuf
  6696 | D:7      | 6696 ||| UPGRADING to +2 robe.
  6706 | D:7      | 6706 ||| DROPPING +0 ring mail.
  6731 | D:7      | 6731 ||| DRINKING 2 fizzy clear potions.
  6732 | D:7      | 6732 ||| READING 4 scrolls of identify.
  6732 | D:7      | 6732 ||| IDENTIFYING glowing coppery potion
  6741 | D:7      | 6741 ||| READING 3 scrolls of identify.
  6741 | D:7      | 6741 ||| IDENTIFYING viscous white potion
  6744 | D:7      | 6744 ||| DROPPING potion of brilliance.
  6845 | D:8      | Noticed an oklob plant
  6846 | D:8      | 6846 ||| INVOKING Heroism.
  6857 | D:8      | 6857 ||| FLEEEEING.
  6914 | D:8      | 6914 ||| INVOKING Heroism.
  6920 | D:8      | Reached skill level 3 in Dodging
  6989 | D:8      | Noticed a two-headed ogre
  6990 | D:8      | 6990 ||| RETREATING.
  6991 | D:8      | 6991 ||| INVOKING Heroism.
  7004 | D:8      | HP: 11/57 [orc priest/divine providence (10)]
  7005 | D:8      | 7005 ||| READING 4 scrolls of teleportation.
  7005 | D:8      | HP: 3/57 [two-headed ogre/+0 giant club (9)]
  7007 | D:8      | Slain by a two-headed ogre

Levels and vault maps discovered:
D:1:      spicycebolla_arrival_xxxplode, layout_loops_corners, minmay_tromino_v2
D:2:      layout_loops_corners, serial_shops, nicolae_shop_gibbet_a_chance
D:3:      layout_basic, gammafunk_temple_overflow_statue, uniq_terence
D:4:      layout_gridville, mainiacjoe_overflow_six_doors_small,
          minmay_temple_entry_purple_smoke
D:5:      layout_basic, amcnicky_altar_gilded, minmay_tree_intersection
D:6:      minmay_angry_zag, layout_basic, zin_statuary,
          mainiacjoe_overflow_chevrons, uniq_edmund, uniq_blork_the_orc
D:7:      layout_basic, lemuel_doored_altar, general_overflow_altar,
          nemelex_spade_bored_becter, kennysheep_boxes, uniq_duvessa,
          uniq_crazy_yiuf_cottage, uniq_menkaure
D:8:      layout_basic, nicolae_overflow_crystal_walls,
          gammafunk_ghost_stat_death, minmay_statues_item, nrook_mini_vaults,
          disabler_island

Skill      XL: |  1  2  3  4  5  6  7  8  9 |
---------------+----------------------------+-----
Armour         | 1 2 3 |  3.0
Ranged Weapons | 5 6 7 8 9 10 | 10.6
Fighting       | 3 4 6 7 |  7.1
Invocations    | 4 |  4.1
Dodging        | 2 3 |  3.4
Stealth        | |  1.1

Action                     |  1- 3 |  4- 6 |  7- 9 || total
---------------------------+-------+-------+-------++-------
   Fire: Shortbow          |   107 |   144 |   144 ||   395
         Orcbow            |       |       |   202 ||   202
 Invoke: Heroism           |       |     1 |    16 ||    17
    Use: Scroll            |     4 |     4 |     6 ||    14
         Potion            |     3 |     2 |     2 ||     7
 Armour: Leather armour    |    18 |       |       ||    18
         Ring mail         |    17 |    60 |   129 ||   206
         Robe              |       |       |     7 ||     7
  Dodge: Dodged            |    13 |    49 |    91 ||   153
  Block: Other             |       |       |    29 ||    29
         Reflection        |       |       |     5 ||     5

Table legend:
 A = Non-vault XP
 B = Vault XP
 C = Vault XP percentage of total XP
 D = Non-vault monster count
 E = Vault monster count
 F = Vault count percentage of total count
                 A         B        C        D         E       F
            +---------+---------+-------+---------+---------+-------
      Total |    2979 |    1185 |  28.5 |     106 |      15 |  12.4
            +---------+---------+-------+---------+---------+-------
        D:1 |      18 |       2 |  10.0 |      13 |       1 |   7.1
        D:2 |      52 |       0 |   0.0 |      16 |       0 |   0.0
        D:3 |      39 |      36 |  48.0 |       9 |       1 |  10.0
        D:4 |     192 |       0 |   0.0 |      21 |       0 |   0.0
        D:5 |     719 |       0 |   0.0 |      13 |       0 |   0.0
        D:6 |     725 |     619 |  46.1 |      12 |       9 |  42.9
        D:7 |     891 |     383 |  30.1 |      17 |       3 |  15.0
        D:8 |     343 |     145 |  29.7 |       5 |       1 |  16.7
            +---------+---------+-------+---------+---------+-------
